 Dungeon Crawl Stone Soup version 0.23-a0-417-gf02c810438 (webtiles) character file.

175116 LostNumber the Spear-Bearer (level 17, -3/135 HPs)
             Began as a Mummy Summoner on Nov 10, 2018.
             Was a High Priest of Okawaru.
             Slain by an angel
             ... wielding a +3 whip of holy wrath
              (22 damage)
             ... on level 3 of the Abyss.
             The game lasted 02:01:50 (42446 turns).

LostNumber the Spear-Bearer (Mummy Summoner)       Turns: 42446, Time: 02:01:50

Health: -3/135     AC: 26    Str: 19    XL:     17   Next: 21%
Magic:  0/32       EV: 10    Int: 25    God:    Okawaru [*****.]
Gold:   3373       SH:  5    Dex: 13    Spells: 23/38 levels left

rFire    + . .     SeeInvis .   O - +4 demon trident (drain)
rCold    + . .     Gourm    .   L - +0 buckler
rNeg     + + +     Faith    .   F - +4 chain mail "Uteen" {MR+ Int+3}
rPois    ∞         Spirit   +   c - +1 helmet
rElec    .         Reflect  .   p - scarf {Spirit}
rCorr    .         Harm     .   R - +2 pair of gloves {Str+3}
MR       +++..                  M - +5 pair of boots of the Postmodern Beds {Int+6}
Stlth    ..........             (no amulet)
HPRegen  0.32/turn              w - ring of protection from fire
MPRegen  0.23/turn              J - ring of protection from fire

@: about to teleport, glowing
A: no food or potions, fire vulnerability, cold resistance 1, negative energy
resistance 3, torment resistance, unbreathing, in touch with death 1
}: 1/15 runes: decaying
a: Heroism, Finesse, Renounce Religion


You were on level 3 of the Abyss.
You worshipped Okawaru.
Okawaru was extremely pleased with you.
You were not hungry.

You visited 5 branches of the dungeon, and saw 31 of its levels.
You visited the Abyss 1 time.
You also visited: Labyrinth.

You collected 3373 gold pieces.

Inventory:

Hand Weapons
 C - a +1 demon trident of freezing
 E - a +6 spear of venom
 K - the +6 trident "Peguwn" {venom, rElec MR++ Int+4}
   (Okawaru gifted it to you on level 1 of the Swamp)

   It poisons the flesh of those it strikes.
   It affects your intelligence (+4).
   It insulates you from electricity.
   It affects your resistance to hostile enchantments.
 O - a +4 demon trident of draining (weapon)
 S - the +0 spear of Ramuem {freeze, Stlth+}
   (Okawaru gifted it to you on level 5 of the Lair of Beasts)

   It has been specially enchanted to freeze those struck by it, causing extra
   injury to most foes and up to half again as much damage against particularly
   susceptible opponents.
   It can also slow down cold-blooded creatures.
   It makes you more stealthy.
 U - the +1 spear of Pestilence {pain, +Rage rElec}
   (Okawaru gifted it to you on level 6 of the Lair of Beasts)

   In the hands of one skilled in necromantic magic, it inflicts extra damage on
   living creatures.
   It insulates you from electricity.
   It lets you go berserk.
Armour
 c - a +1 helmet (worn)
 p - a scarf of spirit shield (worn)
 B - a +3 plate armour of poison resistance
 F - the +4 chain mail "Uteen" (worn) {MR+ Int+3}
   (You took it off a gnoll on level 8 of the Dungeon)

   It affects your intelligence (+3).
   It affects your resistance to hostile enchantments.
 L - a +0 buckler (worn)
 M - the +5 pair of boots of the Postmodern Beds (worn) {Int+6}
   (Okawaru gifted it to you on level 1 of the Lair of Beasts)

   It affects your intelligence (+6).
 Q - +0 swamp dragon scales
 R - a +2 pair of gloves of strength (worn)
Jewellery
 f - an uncursed ring of stealth
 i - a +3 ring of intelligence
 o - an uncursed ring of protection from cold
 v - an uncursed ring of magical power
 w - a ring of protection from fire (left hand)
 z - a +3 ring of intelligence
 J - a ring of protection from fire (right hand)
Wands
 h - a wand of enslavement (13)
 r - a wand of iceblast (35)
 s - a wand of digging (8)
 t - a wand of random effects (61)
 y - a wand of acid (21)
 A - a wand of clouds (7)
 D - a wand of polymorph (21)
 H - a wand of flame (47)
 I - a wand of scattershot (13)
 T - a wand of disintegration (10)
 X - a wand of paralysis (5)
Scrolls
 b - a scroll of vulnerability
 d - 6 scrolls of immolation
 e - 2 scrolls of enchant armour
 g - 4 scrolls of blinking
 j - 16 scrolls of remove curse
 k - 6 scrolls of fog
 l - 8 scrolls of amnesia
 m - 6 scrolls of teleportation
 n - 7 scrolls of magic mapping
 q - 6 scrolls of enchant weapon
 x - 2 scrolls of identify
 G - 2 scrolls of torment
 N - a scroll of silence
 P - 2 scrolls of summoning
 V - a scroll of acquirement {unknown}


   Skills:
 + Level 12.9 Fighting
 * Level 13.4 Polearms
 - Level 8.0 Armour
 + Level 5.6 Dodging
 * Level 2.4 Stealth
 - Level 4.0 Shields
 - Level 11.0 Spellcasting
 - Level 3.0 Hexes
 - Level 10.0 Summonings
 - Level 6.0 Ice Magic
 - Level 8.0 Air Magic
 - Level 9.0 Invocations


You had 23 spell levels left.
You knew the following spells:

 Your Spells              Type           Power        Failure   Level  Hunger
a - Summon Small Mammal   Summ           ####         1%          1    N/A
b - Call Imp              Summ           ######..     1%          2    N/A
c - Call Canine Familiar  Summ           ######..     1%          3    N/A
d - Summon Ice Beast      Ice/Summ       ######..     14%         4    N/A
e - Summon Lightning Spi  Summ/Air       ######..     10%         4    N/A
f - Confusing Touch       Hex            ####..       11%         1    N/A

Your spell library contained the following spells:

 Spells                   Type           Power        Failure   Level  Hunger
 Shock                    Conj/Air       ####         8%          1    N/A
 Summon Guardian Golem    Hex/Summ       #####...     8%          3    N/A
 Corona                   Hex            ####...      11%         1    N/A
 Poisonous Vapours        Pois/Air       ####..       11%         2    N/A
 Swiftness                Chrm/Air       ####....     11%         2    N/A
 Airstrike                Air            ######....   14%         4    N/A
 Slow                     Hex            ####....     17%         2    N/A
 Static Discharge         Conj/Air       ####....     22%         3    N/A
 Animate Skeleton         Necr           N/A          36%         1    N/A
 Apportation              Tloc           ##....       36%         1    N/A
 Magic Dart               Conj           ##..         36%         1    N/A
 Sandblast                Erth           ##....       36%         1    N/A
 Mephitic Cloud           Conj/Pois/Air  ####....     36%         3    N/A
 Blink                    Tloc           N/A          50%         2    N/A
 Inner Flame              Hex/Fire       ###.....     52%         3    N/A
 Portal Projectile        Hex/Tloc       ###...       52%         3    N/A
 Cause Fear               Hex            ####......   73%         4    N/A
 Silence                  Hex/Air        #####.....   73%         5    N/A
 Conjure Flame            Conj/Fire      ##......     75%         3    N/A
 Ignite Poison            Fire/Tmut/Pois ##......     75%         3    N/A
 Leda's Liquefaction      Hex/Erth       ###.......   90%         4    N/A
 Lightning Bolt           Conj/Air       ####......   90%         5    N/A
 Petrify                  Tmut/Erth      ##......     98%         4    N/A
 Bolt of Magma            Conj/Fire/Erth ##........   100%        5    N/A
 Fireball                 Conj/Fire      ##........   100%        5    N/A
 Iskenderun's Battlesphe  Conj/Chrm      ##......     100%        5    N/A
 Venom Bolt               Conj/Pois      ##........   100%        5    N/A
 Bolt of Fire             Conj/Fire      ##........   100%        6    N/A
 Conjure Ball Lightning   Conj/Air       ####......   100%        6    N/A
 Deflect Missiles         Chrm/Air       ####......   100%        6    N/A
 Freezing Cloud           Conj/Ice/Air   #####.....   100%        6    N/A
 Iron Shot                Conj/Erth      ##........   100%        6    N/A
 Orb of Destruction       Conj           ##........   100%        7    N/A
 Ring of Flames           Chrm/Fire      ##........   100%        7    N/A
 Spellforged Servitor     Conj/Summ      #####.....   100%        7    N/A
 Ignition                 Fire           ##........   100%        8    N/A
 Shatter                  Erth           ##........   100%        9    N/A
 Tornado                  Air            ######....   100%        9    N/A

Dungeon Overview and Level Annotations

Branches:
Dungeon (15/15)            Temple (0/1) D:6            Lair (6/6) D:9
  Swamp (4/4) Lair:4        Snake (4/4) Lair:3        Slime (0/5) Lair:6
    Orc (2/2) D:11            Elf (0/3) Orc:2        Vaults (0/5) D:14
 Depths (0/5) D:15

Altars:
Ashenzari
Nemelex Xobeh
Okawaru
Qazlal
Ru
Sif Muna
Vehumet
Xom
Beogh

Shops:
Orc:2 %(*::

Annotations:
Orc:1 2 transporters, HELP's ghost, journeyman DsBe


Innate Abilities, Weirdness & Mutations

You do not eat or drink.
Your flesh is vulnerable to fire.
You are immune to poison.
Your flesh is cold resistant. (rC+)
You are immune to negative energy. (rN+++)
You are immune to unholy pain and torment.
You can survive without breathing.
You are in touch with the powers of death.


Message History

The insubstantial wisp closely misses you.
Unknown command.
You block the angel's attack. The angel barely misses you.
The insubstantial wisp blinks!
The lorocyproca hits you but does no damage.
The angel hits you with a +3 whip of holy wrath!
You convulse!
* * * LOW HITPOINT WARNING * * *
The angel hits you but does no damage.
The insubstantial wisp blinks!
The lorocyproca hits you.
* * * LOW HITPOINT WARNING * * *
You feel your power leaking away.
Unknown command.
Unknown command.
The insubstantial wisp hits you but does no damage.
The reaper closely misses you.
The insubstantial wisp blinks! x2
The angel hits you with a +3 whip of holy wrath!
* * * LOW HITPOINT WARNING * * *
You convulse!!
You die...

'. )).v...## .
...v.. #
#....# ' ##.##
..### ##...##
..... #..§.§#
#..X. ##..2Xv#
.A.A...#..2vA#
#..'v..@v#
#.###...## #
#####


You could see an angel, a lorocyproca (invisible), a reaper, a large abomination
and 5 insubstantial wisps.

Vanquished Creatures
  Vashnia (Snake:3)
  A bone dragon (Swamp:4)
  Nikola (Snake:1)
  Gastronok (Lair:1)
  Frances (Snake:1)
  A nagaraja (Snake:4)
  A draconian scorcher (Abyss:3)
  An orc warlord (Orc:2)
  Louise (D:14)
  A very ugly thing (Swamp:3)
  A minotaur (Lab)
  An ettin (Orc:2)
  A yaktaur captain (D:15)
  2 hydras
  4 vault guards (D:14)
  6 naga warriors
  3 ghost crabs
  8 anacondas
  A shambling mangrove (Swamp:1)
  4 centaur warriors
  4 two-headed ogres
  10 alligators
  A death yak (Lair:3)
  A shock serpent (Snake:3)
  8 naga sharpshooters
  4 orc high priests
  A death drake (Swamp:4)
  2 spectral hydras (Swamp:4)
  An unseen horror (D:15)
  A swamp dragon (Swamp:3)
  A wizard (D:15)
  A phantasmal warrior (Swamp:4)
  5 naga ritualists
  3 orc knights
  5 ugly things
  A wolf spider zombie (D:14)
  9 mana vipers
  4 orc sorcerers
  3 draconians (Abyss:3)
  A deep elf mage (D:13)
  7 salamanders
  Maurice (D:11)
  3 guardian serpents
  10 naga magi
  26 black mambas
  A smoke demon (Abyss:3)
  3 komodo dragons
  10 spiny frogs
  A yaktaur (D:15)
  A rime drake (Lair:1)
  3 swamp worm zombies (Swamp:4)
  3 hydra zombies (Swamp:4)
  A tengu conjurer (D:14)
  A troll (shapeshifter) (D:15)
  15 hornets
  2 polar bears (Lair:6)
  6 trolls
  5 tyrant leeches
  A fire giant simulacrum (Abyss:3)
  A spectral swamp dragon (Swamp:4)
  A dream sheep (Lair:6)
  17 blink frogs
  6 bog bodies
  4 alligator zombies (Swamp:4)
  6 slime creatures
  8 hippogriffs
  10 spriggans
  2 redbacks (Lab)
  A water elemental (D:13)
  7 wyverns
  25 yaks
  A vampire (D:11)
  5 wraiths
  2 shadows
  A hog (D:14)
  A basilisk (Lair:6)
  4 hungry ghosts (Lab)
  7 vampire mosquitoes
  13 insubstantial wisps
  32 nagas
  15 wargs
  9 swamp worms
  A soldier ant (D:15)
  6 water moccasins
  3 porcupines
  19 orc warriors
  3 black bears
  7 swamp drakes
  5 ice beasts
  3 sky beasts
  7 phantoms
  4 swamp dragon zombies (Swamp:4)
  A boggart (Lair:6)
  12 wolves
  5 centaurs
  10 ogres
  6 crocodiles
  2 big kobolds
  13 bullfrogs
  A wyvern zombie (D:14)
  2 scorpions
  2 killer bees (D:12)
  6 howler monkeys
  5 electric eels (Lair:6)
  8 crimson imps
  A centaur zombie (D:6)
  2 bullfrog zombies
  5 starcursed masses (Abyss:3)
  2 hounds (D:12)
  14 jellies
  A centaur skeleton (D:11)
  38 orc priests
  3 bullfrog skeletons
  An iron imp (Abyss:3)
  21 orc wizards
  A hell rat (Lair:5)
  3 iguanas (D:12)
  Ijyb (D:5)
  2 spectral swamp drakes (Swamp:4)
  3 worker ants
  A statue (D:6)
  A small abomination (Abyss:3)
  7 adders
  3 gnolls (D:8)
  A swamp drake zombie (Swamp:4)
  A shadow imp (D:10)
  8 oozes
  An adder skeleton (D:4)
  A worm (D:6)
  2 dart slugs (D:2)
  7 leopard geckos
  85 orcs
  2 ball pythons
  3 bats
  5 giant cockroaches
  5 goblins
  A hobgoblin (D:3)
  A jackal (D:2)
  5 quokkas
  2 frilled lizards
  14 kobolds
  8 rats
778 creatures vanquished.

Vanquished Creatures (collateral kills)
  Kirke (D:14)
  A very ugly thing (Swamp:2)
  A naga warrior (Snake:1)
  7 hydras
  A death knight (D:15)
  3 vault guards (D:14)
  3 anacondas
  An alligator (Swamp:2)
  A tengu warrior (D:15)
  3 death yaks (Lair:3)
  3 naga sharpshooters (Snake:3)
  A skeletal warrior (D:15)
  An unseen horror (D:11)
  A swamp dragon (Swamp:3)
  A naga ritualist (Snake:1)
  A phantasmal warrior (D:15)
  2 spectral hydras (Swamp:4)
  4 mana vipers
  2 salamanders
  6 ugly things
  2 cyclopes
  7 black mambas
  Joseph (Lair:1)
  A guardian serpent (Snake:2)
  3 naga magi
  8 spiny frogs
  A torpor snail (Lair:6)
  2 komodo dragons
  A troll (D:12)
  2 hornets
  2 polar bears (Lair:6)
  2 tyrant leeches (Swamp:1)
  3 blink frogs
  A slime creature (D:8)
  3 bog bodies
  6 dream sheep (Lair:6)
  A hippogriff (Lair:2)
  3 water elementals (D:13)
  10 spriggans
  A shadow (Swamp:2)
  A wyvern (Lair:4)
  12 yaks
  2 basilisks (Lair:6)
  3 hogs (D:14)
  7 vampire mosquitoes
  2 swamp worms
  A water moccasin (Lair:1)
  15 nagas
  2 porcupines (Lair:1)
  2 ice beasts
  A phantom (D:4)
  3 black bears (Lair:6)
  2 ogres
  3 boggarts (Lair:6)
  A centaur (D:8)
  4 crocodiles
  11 wolves
  3 bullfrogs
  A wyvern zombie (D:10)
  2 killer bees (D:12)
  3 wights (D:4)
  2 howler monkeys
  2 electric eels
  A centaur zombie (D:6)
  2 crimson imps
  A hound (D:4)
  A gnoll shaman (D:8)
  A centaur skeleton (D:4)
  6 jellies
  2 orc priests (Orc:1)
  3 orc wizards
  Natasha (twice) (D:2)
  A worker ant (D:2)
  3 hell rats (Lair:5)
  A hound skeleton (D:6)
  2 gnolls (D:8)
  A howler monkey zombie (D:7)
  3 adders
  A worm (D:2)
  A leopard gecko (D:7)
  16 orcs
  A ball python (Snake:3)
  4 giant cockroaches
  2 goblins (D:1)
  6 hobgoblins
  2 jackals (D:2)
  A bat (D:1)
  A frilled lizard (D:3)
  7 kobolds
  3 rats
  2 fungi (Lair:6)
  A plant (Lair:6)
267 creatures vanquished.

Vanquished Creatures (others)
  An alligator (Swamp:4)
  A hornet (Swamp:3)
  A tyrant leech (Swamp:4)
  A spriggan (Swamp:3)
  An insubstantial wisp (Swamp:4)
  21 fungi
  19 plants (Lair:6)
45 creatures vanquished.

Grand Total: 1090 creatures vanquished

Notes
Turn   | Place    | Note
-------+----------+-------------------------------------------
     0 | D:1      | LostNumber the Mummy Summoner began the quest for the Orb.
     0 | D:1      | Reached XP level 1. HP: 13/13 MP: 4/4
   662 | D:1      | Reached XP level 2. HP: 20/20 MP: 2/5
   671 | D:1      | Learned a level 2 spell: Call Imp
  1059 | D:1      | Found an iron altar of Okawaru.
  1073 | D:1      | Became a worshipper of Warmaster Okawaru
  1148 | D:1      | Reached skill level 1 in Fighting
  1525 | D:2      | Reached XP level 3. HP: 18/26 MP: 3/7
  1593 | D:2      | Learned a level 3 spell: Call Canine Familiar
  1607 | D:2      | Noticed Natasha
  1615 | D:2      | Killed Natasha
  1620 | D:2      | Reached XP level 4. HP: 8/32 MP: 1/9
  1855 | D:2      | Learned a level 4 spell: Summon Ice Beast
  2300 | D:2      | Noticed Natasha
  2308 | D:2      | Killed Natasha
  2748 | D:3      | Found a shimmering altar of Xom.
  2920 | D:3      | Reached XP level 5. HP: 34/38 MP: 8/10
  3440 | D:4      | Reached * piety under Okawaru
  3528 | D:4      | Noticed a phantom
  3557 | D:4      | Killed a phantom
  3557 | D:4      | Reached skill level 1 in Polearms
  3557 | D:4      | Reached skill level 1 in Ice Magic
  3817 | D:4      | Reached XP level 6. HP: 44/44 MP: 8/12
  3954 | D:4      | Found a sacrificial altar of Ru.
  4000 | D:4      | Reached skill level 1 in Invocations
  4247 | D:4      | Found a stormy altar of Qazlal.
  4275 | D:5      | Entered Level 5 of the Dungeon
  4282 | D:5      | Noticed an ice beast
  4283 | D:5      | Found a shattered altar of Ashenzari.
  4310 | D:5      | Killed an ice beast
  4525 | D:5      | Reached ** piety under Okawaru
  4592 | D:5      | Reached skill level 5 in Summonings
  4592 | D:5      | Reached XP level 7. HP: 37/51 MP: 6/14
  4829 | D:5      | Found a sparkling altar of Nemelex Xobeh.
  4835 | D:5      | Found a shattered altar of Ashenzari.
  4921 | D:5      | Noticed Ijyb
  4932 | D:5      | Killed Ijyb
  5207 | D:5      | Reached skill level 2 in Polearms
  5551 | D:5      | Reached skill level 5 in Spellcasting
  6064 | D:6      | Learned a level 4 spell: Summon Lightning Spire
  6152 | D:6      | Found a radiant altar of Vehumet.
  6219 | D:6      | Found a deep blue altar of Sif Muna.
  6310 | D:6      | Found a staircase to the Ecumenical Temple.
  6563 | D:7      | Reached XP level 8. HP: 17/58 MP: 2/15
  6994 | D:7      | Reached *** piety under Okawaru
  6999 | D:7      | Reached skill level 1 in Air Magic
  7273 | D:7      | Identified the amulet of the Monkey {Harm *Drain Int+3}
  7422 | D:7      | Noticed a hippogriff
  7435 | D:7      | Killed a hippogriff
  7518 | D:7      | Reached skill level 3 in Polearms
  7714 | D:7      | Reached **** piety under Okawaru
  7971 | D:8      | Reached XP level 9. HP: 61/65 MP: 13/18
  8132 | D:8      | Identified the +4 chain mail "Uteen" {MR+ Int+3}
  9239 | D:9      | Noticed a troll
  9265 | D:9      | Killed a troll
  9265 | D:9      | Reached skill level 1 in Armour
  9617 | D:9      | Found a staircase to the Lair.
  9654 | D:10     | Entered Level 10 of the Dungeon
  9728 | D:10     | Received a gift from Okawaru
 10000 | D:10     | Reached skill level 5 in Fighting
 10328 | D:10     | Reached XP level 10. HP: 74/74 MP: 17/20
 10398 | Lair:1   | Entered Level 1 of the Lair of Beasts
 10432 | Lair:1   | Reached skill level 4 in Polearms
 10783 | Lair:1   | Reached ***** piety under Okawaru
 10795 | Lair:1   | Noticed Gastronok
 10844 | Lair:1   | Killed Gastronok
 10844 | Lair:1   | Received a gift from Okawaru
 10844 | Lair:1   | Reached skill level 1 in Shields
 10847 | Lair:1   | Got a pair of bloodstained boots {god gift}
 10853 | Lair:1   | Identified the +5 pair of boots of the Postmodern Beds
                  | {Int+6} (Okawaru gifted it to you on level 1 of the Lair of
                  | Beasts)
 10953 | Lair:1   | Noticed a spiny frog
 10961 | Lair:1   | Killed a spiny frog
 10961 | Lair:1   | Noticed a spiny frog
 10966 | Lair:1   | Killed a spiny frog
 10976 | Lair:1   | Noticed a black mamba
 10983 | Lair:1   | Killed a black mamba
 11280 | Lair:1   | Noticed Joseph
 11293 | Lair:1   | Killed Joseph
 11720 | Lair:2   | Reached skill level 5 in Invocations
 11743 | Lair:2   | Noticed a black mamba
 11752 | Lair:2   | Killed a black mamba
 11752 | Lair:2   | Reached XP level 11. HP: 78/81 MP: 10/22
 12335 | Lair:3   | Found a staircase to the Snake Pit.
 12350 | Lair:3   | Noticed a death yak
 12358 | Lair:3   | Noticed a death yak
 12358 | Lair:3   | Noticed a death yak
 12605 | Lair:3   | Noticed a seven-headed hydra
 12622 | Lair:3   | Killed a seven-headed hydra
 12895 | Lair:3   | Received a gift from Okawaru
 12936 | Lair:3   | Noticed a death yak
 12959 | Lair:3   | Killed a death yak
 12966 | Lair:3   | Killed a death yak
 13314 | Lair:3   | Reached skill level 5 in Polearms
 13999 | Lair:3   | Killed a death yak
 14008 | Lair:3   | Killed a death yak
 14008 | Lair:3   | Reached skill level 5 in Ice Magic
 14087 | Lair:4   | Found a staircase to the Swamp.
 14187 | Lair:4   | Received a gift from Okawaru
 14292 | Lair:4   | Noticed a five-headed hydra
 14298 | Lair:4   | Killed a five-headed hydra
 14369 | Lair:4   | Noticed a seven-headed hydra
 14376 | Lair:4   | Killed a seven-headed hydra
 14617 | Lair:4   | Noticed a five-headed hydra
 14623 | Lair:4   | Killed a five-headed hydra
 15180 | Lair:5   | Reached XP level 12. HP: 86/89 MP: 22/24
 15621 | Lair:5   | Received a gift from Okawaru
 15631 | Lair:5   | Got a crystal spear {god gift}
 15632 | Lair:5   | Identified the +0 spear of Ramuem {freeze, Stlth+} (Okawaru
                  | gifted it to you on level 5 of the Lair of Beasts)
 16281 | Lair:5   | Reached skill level 5 in Air Magic
 16415 | Lair:6   | Entered Level 6 of the Lair of Beasts
 16433 | Lair:6   | Noticed an eight-headed hydra
 16440 | Lair:6   | Killed an eight-headed hydra
 16864 | Lair:6   | Found a staircase to the Slime Pits.
 16913 | Lair:6   | Received a gift from Okawaru
 16916 | Lair:6   | Got an encrusted spear {god gift}
 16917 | Lair:6   | Identified the +1 spear of Pestilence {pain, +Rage rElec}
                  | (Okawaru gifted it to you on level 6 of the Lair of Beasts)
 17179 | Lair:6   | Reached skill level 6 in Polearms
 17558 | Lair:6   | Noticed a four-headed hydra
 17569 | Lair:6   | Killed a four-headed hydra
 17569 | Lair:6   | Reached ****** piety under Okawaru
 17694 | Lair:6   | Received a gift from Okawaru
 18078 | Lair:6   | Gained mutation: You are in touch with the powers of death.
                  | [Mummy growth]
 18078 | Lair:6   | Reached XP level 13. HP: 58/98 MP: 26/26
 19715 | D:11     | Noticed Maurice
 20245 | D:11     | Killed Maurice
 20245 | D:11     | Reached skill level 10 in Summonings
 20292 | D:11     | Found a staircase to the Orcish Mines.
 20744 | D:12     | Received a gift from Okawaru
 20744 | D:12     | Reached skill level 7 in Polearms
 21694 | D:13     | Found a labyrinth entrance.
 21727 | Lab      | Entered a labyrinth
 22105 | Lab      | Received a gift from Okawaru
 22211 | Lab      | Identified the +9 shortbow "Kievee" {velocity, rElec rN+}
 22211 | Lab      | Noticed a minotaur
 22228 | Lab      | Killed a minotaur
 22236 | Lab      | Identified the Tome of Clay
 22240 | Lab      | Got a heavily runed helmet
 22255 | Lab      | Identified the cursed +0 helmet of Words of Power {*Drain
                  | +Inv rC+} (You found it in a labyrinth)
 22269 | Lab      | Learned a level 1 spell: Confusing Touch
 23185 | D:14     | Noticed Kirke
 23221 | D:14     | Reached skill level 5 in Armour
 23227 | D:14     | Killed Kirke
 23633 | D:14     | Reached skill level 8 in Polearms
 23641 | D:14     | Received a gift from Okawaru
 23902 | D:14     | Reached XP level 14. HP: 58/108 MP: 7/27
 24120 | D:14     | Noticed Louise
 24145 | D:14     | Killed Louise
 24422 | D:14     | Found a gate to the Vaults.
 24634 | D:15     | Entered Level 15 of the Dungeon
 25338 | D:15     | Received a gift from Okawaru
 25510 | D:15     | Found a staircase to the Depths.
 25775 | Orc:1    | Entered Level 1 of the Orcish Mines
 25860 | Orc:1    | Found a transporter.
 25990 | Orc:1    | Received a gift from Okawaru
 26187 | Orc:1    | Noticed HELP's ghost (journeyman DsBe)
 26195 | Orc:1    | Found a transporter.
 26207 | Orc:1    | Reached skill level 9 in Polearms
 26406 | Orc:2    | Entered Level 2 of the Orcish Mines
 26406 | Orc:2    | Noticed an orc warlord
 27288 | Orc:2    | Reached skill level 10 in Fighting
 27420 | Orc:2    | Found Xoerch's Assorted Antiques.
 27806 | Orc:2    | Found a staircase to the Elven Halls.
 27936 | Orc:2    | Reached skill level 10 in Spellcasting
 28239 | Orc:2    | Found Akhlem's Book Shop.
 28239 | Orc:2    | Found Toxuzyke's Book Emporium.
 28405 | Orc:2    | Killed an orc warlord
 28590 | Orc:2    | Found a roughly hewn altar of Beogh.
 28642 | Orc:2    | Found Xyagruygywk's Food Emporium.
 28642 | Orc:2    | Found Naelyup's Antique Weapon Shop.
 28732 | Orc:2    | Reached XP level 15. HP: 115/115 MP: 29/29
 29034 | Swamp:1  | Entered Level 1 of the Swamp
 29247 | Swamp:1  | Received a gift from Okawaru
 29252 | Swamp:1  | Got an encrusted trident {god gift}
 29253 | Swamp:1  | Identified the +6 trident "Peguwn" {venom, rElec MR++
                  | Int+4} (Okawaru gifted it to you on level 1 of the Swamp)
 29486 | Swamp:1  | Reached skill level 10 in Polearms
 31982 | Swamp:3  | Received a gift from Okawaru
 32193 | Swamp:3  | Reached skill level 1 in Hexes
 32769 | Swamp:4  | Entered Level 4 of the Swamp
 34532 | Swamp:4  | Reached skill level 11 in Polearms
 36088 | Swamp:4  | Noticed a bone dragon
 36127 | Swamp:4  | Killed a bone dragon
 36141 | Swamp:4  | Got a decaying rune of Zot
 36266 | Snake:1  | Entered Level 1 of the Snake Pit
 36274 | Snake:1  | Reached XP level 16. HP: 115/126 MP: 21/31
 36503 | Snake:1  | Noticed Nikola
 36537 | Snake:1  | Killed Nikola
 36551 | Snake:1  | Noticed Frances
 36581 | Snake:1  | Killed Frances
 37051 | Snake:1  | Received a gift from Okawaru
 37174 | Snake:1  | Reached skill level 12 in Polearms
 38547 | Snake:3  | Received a gift from Okawaru
 39399 | Snake:3  | Noticed Vashnia
 40409 | Snake:3  | Received a gift from Okawaru
 40468 | Snake:3  | Killed Vashnia
 40476 | Snake:3  | Reached skill level 13 in Polearms
 40717 | Snake:4  | Entered Level 4 of the Snake Pit
 40785 | Snake:4  | Reached skill level 5 in Dodging
 41039 | Snake:4  | Received a gift from Okawaru
 41220 | Snake:4  | Reached XP level 17. HP: 111/135 MP: 26/32
 41998 | Snake:4  | Cast into level 3 of the Abyss (a Zot trap)
 42011 | Abyss:3  | Found a transporter.
 42064 | Abyss:3  | Paralysed by accursed screaming for 1 turns
 42433 | Abyss:3  | Noticed a profane servitor
 42446 | Abyss:3  | Slain by an angel

Vault maps used:
D:1:      psy_arrival_basics, okawaru_ov_weapons_minmay
D:2:      minmay_diamond_boxcup, minmay_tetromino_l4, uniq_natasha
D:3:      minmay_wonky_spiral, nicolae_overflow_hidden_temple
D:4:      old_standard_altar, marbit_many_paths, first_ration,
          nrook_loot_triangle
D:5:      cheibrodos_ashenzari_chains, overflow_temple_1_default, basic_altar,
          grunt_ministairs_8, uniq_ijyb
D:6:      vehumet_statue, led_sif_pool, minmay_temple_entry_nine_rooms,
          minmay_misc_feat_tower
D:8:      minmay_radiant
D:9:      lair_entry_dummy
D:11:     minmay_orc_entry_guard_dogs, hangedman_little_slice_of_home,
          nooodl_food_tri, uniq_maurice
D:12:     kennysheep_cross_room
D:13:     lab_entry_generic
D:14:     erik_vaults_2, hangedman_decor_push, uniq_louise, uniq_kirke
D:15:     grunt_enter_depths_snipers, minmay_misc_feat_rows,
          minmay_misc_feat_ornament
Lair:1:   uniq_gastronok, uniq_joseph
Lair:3:   guppyfry_snake_entry_island, chequers_serial_rivers_micro_b,
          grunt_megastairs_1
Lair:4:   swamp_mist_pool
Lair:6:   minmay_lair_end_enchanted_forest, minmay_slime_entry_jelly_boxes,
          serial_bayou_lagoon_b, serial_bayou_shore_a
Swamp:1:  evilmike_swamp_ruin_wall, infiniplex_staircase_pool
Swamp:2:  evilmike_swamp_ruin_house_4
Swamp:3:  nicolae_swamp_stair_fork
Swamp:4:  swamp_pestilence, infiniplex_staircase_pool_2
Snake:1:  cheibrodos_snake_ritualist_ritual, spider_trap, uniq_nikola,
          uniq_frances
Snake:3:  hangedman_snake_corridor_cut, uniq_vashnia
Snake:4:  johnstein_snake_rune_scales
Orc:1:    gammafunk_ghost_stat_death
Orc:2:    st_orc_town, serial_shops, nicolae_shop_behind_doors
Abyss:3:  evilmike_abyss_exit_1, minivault_27, gammafunk_abyss_rune_reverse_zot,
          evilmike_abyss_exit_glass
Lab:      nicolae_lab_dead_adventurers, nicolae_lab_swirl,
          nicolae_lab_very_dead_end, nicolae_lab_flowing_pool, lab_fountain

Skill      XL: |  1  2  3  4  5  6  7  8  9 10 11 12 13 14 15 16 17 |
---------------+----------------------------------------------------+-----
Spellcasting   | 3 4 5 6 7 8 9 10 11 | 11.0
Fighting       | 1 2 3 4 5 6 7 9 10 11 12 | 12.9
Summonings     | 4 5 6 7 8 9 10 | 10.0
Polearms       | 1 2 3 4 5 6 8 9 11 13 | 13.4
Ice Magic      | 1 2 3 4 5 6 |  6.0
Invocations    | 1 2 3 4 5 6 8 9 |  9.0
Air Magic      | 1 3 4 6 8 |  8.0
Armour         | 1 2 4 5 6 7 8 |  8.0
Shields        | 2 3 4 |  4.0
Hexes          | 3 |  3.0
Dodging        | 5 |  5.6
Stealth        | 2 |  2.4

Action                   |  1- 3 |  4- 6 |  7- 9 | 10-12 | 13-15 | 16-18 || total
-------------------------+-------+-------+-------+-------+-------+-------++-------
Melee: Unarmed           |    37 |       |       |       |       |       ||    37
       Dagger            |    55 |       |       |       |       |       ||    55
       Spear             |    30 |   175 |   430 |   160 |       |       ||   795
       Punch             |       |       |       |     3 |       |       ||     3
       Demon trident     |       |       |       |   432 |  2023 |   885 ||  3340
       Trident           |       |       |       |       |   440 |    52 ||   492
 Cast: Summon Small Mamm |    11 |       |       |       |       |       ||    11
       Call Imp          |    18 |    19 |    30 |     5 |       |       ||    72
       Call Canine Famil |       |    20 |    54 |    21 |    11 |     3 ||   109
       Summon Ice Beast  |       |       |       |    53 |    45 |    27 ||   125
       Summon Lightning  |       |       |       |     6 |    41 |    20 ||    67
       Confusing Touch   |       |       |       |       |     9 |     1 ||    10
Invok: Heroism           |       |       |       |    13 |    39 |     9 ||    61
       Finesse           |       |       |       |     3 |    15 |     5 ||    23
Evoke: Wand              |       |       |       |     8 |     3 |       ||    11
  Use: Scroll            |       |       |     7 |     8 |    11 |     7 ||    33
 Stab: Sleeping          |     5 |    12 |     5 |       |       |       ||    22
       Distracted        |     1 |     2 |     4 |    10 |    13 |     7 ||    37
       Confused          |       |       |       |       |    15 |     1 ||    16
       Paralysed         |       |       |       |       |     1 |       ||     1
Armor: Robe              |    26 |    26 |       |       |       |       ||    52
       Leather armour    |       |     1 |     5 |       |       |       ||     6
       Ring mail         |       |       |    99 |   171 |   225 |       ||   495
       Chain mail        |       |       |       |    73 |  1120 |   395 ||  1588
Dodge: Dodged            |    76 |    57 |   136 |   221 |   713 |   209 ||  1412
Block: Buckler           |       |       |       |    64 |   435 |   136 ||   635

Table legend:
 A = Non-vault XP
 B = Vault XP
 C = Vault XP percentage of total XP
 D = Non-vault monster count
 E = Vault monster count
 F = Vault count percentage of total count
                 A         B        C        D         E       F
            +---------+---------+-------+---------+---------+-------
      Total |  162193 |   69402 |  30.0 |     784 |     260 |  24.9
            +---------+---------+-------+---------+---------+-------
        D:1 |      34 |       0 |   0.0 |      25 |       0 |   0.0
        D:2 |      73 |      74 |  50.3 |      13 |      13 |  50.0
        D:3 |      25 |       4 |  13.8 |      14 |       4 |  22.2
        D:4 |     338 |       3 |   0.9 |      19 |       1 |   5.0
        D:5 |     426 |      45 |   9.6 |      16 |       2 |  11.1
        D:6 |     359 |      23 |   6.0 |      14 |       1 |   6.7
        D:7 |    1091 |       0 |   0.0 |      29 |       0 |   0.0
        D:8 |     678 |     328 |  32.6 |      18 |       2 |  10.0
        D:9 |     996 |       0 |   0.0 |      13 |       0 |   0.0
       D:10 |    1053 |       0 |   0.0 |      14 |       0 |   0.0
       D:11 |    2022 |    2099 |  50.9 |      19 |      17 |  47.2
       D:12 |    4052 |       0 |   0.0 |      42 |       0 |   0.0
       D:13 |    2331 |       0 |   0.0 |      12 |       0 |   0.0
       D:14 |    5263 |    9170 |  63.5 |      27 |      13 |  32.5
       D:15 |    9881 |    2364 |  19.3 |      26 |       3 |  10.3
     Lair:1 |    2368 |    2403 |  50.4 |      15 |       2 |  11.8
     Lair:2 |    1611 |       0 |   0.0 |       8 |       0 |   0.0
     Lair:3 |    4534 |    1459 |  24.3 |      10 |       8 |  44.4
     Lair:4 |    3129 |       0 |   0.0 |      11 |       0 |   0.0
     Lair:5 |    5046 |       0 |   0.0 |      30 |       0 |   0.0
     Lair:6 |   11061 |    6713 |  37.8 |      57 |      58 |  50.4
    Swamp:1 |    9832 |       0 |   0.0 |      31 |       0 |   0.0
    Swamp:2 |    5079 |       0 |   0.0 |      17 |       0 |   0.0
    Swamp:3 |   13653 |     910 |   6.2 |      47 |       1 |   2.1
    Swamp:4 |    6300 |   13847 |  68.7 |      18 |      39 |  68.4
    Snake:1 |   13140 |    6773 |  34.0 |      34 |       7 |  17.1
    Snake:2 |   10879 |     411 |   3.6 |      29 |       1 |   3.3
    Snake:3 |   12757 |   10741 |  45.7 |      28 |      20 |  41.7
    Snake:4 |   17108 |     577 |   3.3 |      37 |       1 |   2.6
      Orc:1 |    4761 |    1169 |  19.7 |      56 |       4 |   6.7
      Orc:2 |    9474 |    4338 |  31.4 |      48 |      50 |  51.0
    Abyss:3 |    2839 |    3586 |  55.8 |       7 |       6 |  46.2
        Lab |       0 |    2365 | 100.0 |       0 |       7 | 100.0
            +---------+---------+-------+---------+---------+-------
